 Dungeon Crawl Stone Soup version 0.29.1 (webtiles) character file.

Game seed: 11395229857804100242

23 Itachiuchiha the Trooper (level 2, 21/27 HPs)
             Began as a Hill Orc Abyssal Knight on Sept 13, 2022.
             Was a Priest of Lugonu.
             Quit the game on level 2 of the Dungeon.
             The game lasted 00:02:06 (767 turns).

Itachiuchiha the Trooper (Hill Orc Abyssal Knight)   Turns: 767, Time: 00:02:06

Health: 21/27      AC:  3    Str: 15    XL:     2   Next: 95%
Magic:  4/4        EV: 11    Int: 10    God:    Lugonu [***...]
Gold:   26         SH:  0    Dex: 11    Spells: 1/1 levels left

rFire   . . .      SeeInvis .   a - +1 hand axe
rCold   . . .      Faith    .   (no shield)
rNeg    . . .      Spirit   .   b - +0 leather armour
rPois   .          Reflect  .   (no helmet)
rElec   .          Harm     .   (no cloak)
rCorr   .          Rampage  .   (no gloves)
Will    +....                   (no boots)
Stlth   +.........              (no amulet)
HPRegen 0.09/turn               c - ring of willpower
MPRegen 0.09/turn               (no ring)

@: no status effects
A: no striking features
a: Renounce Religion, Depart the Abyss, Bend Space, Banish


You were on level 2 of the Dungeon.
You worshipped Lugonu.
Lugonu was most pleased with you.
You visited 1 branch of the dungeon, and saw 2 of its levels.
You visited the Abyss 1 time.

You collected 26 gold pieces.

Inventory:

Hand Weapons
 a - a +1 hand axe (weapon)
Armour
 b - a +0 leather armour (worn)
Jewellery
 c - a ring of willpower (left hand)


   Skills:
 + Level 3.9 Fighting
 + Level 3.1 Axes
 + Level 2.5 Armour
 + Level 1.1 Dodging
 + Level 2.9 Invocations


You had one spell level left.
You didn't know any spells.
Your spell library was empty.

Dungeon Overview and Level Annotations

Branches:
Dungeon (2/15)

Altars:

Shops:
D:1 *


Message History

You hit the bat but do no damage. The bat closely misses you.
The bat misses you. The bat barely misses you.
You closely miss the bat. The bat barely misses you. The bat barely misses you.
The bat barely misses you. The bat hits you.
The bat hits you but does no damage. The bat barely misses you.
The bat closely misses you.
You closely miss the bat. The bat misses you.
A bat is nearby!
A bat is nearby!
A bat is nearby!
The bat closely misses you. The bat hits you.
You hit the bat.
The bat is moderately wounded.
The bat closely misses you. The bat completely misses you.
The bat hits you but does no damage. The bat barely misses you.
The bat misses you.
You closely miss the bat. The bat barely misses you. The bat barely misses you.
You barely miss the bat. The bat closely misses you. The bat hits you.
You closely miss the bat. The bat hits you. The bat closely misses you.
You hit the bat.
The bat is moderately wounded.
The bat hits you. The bat closely misses you.
You hit the bat but do no damage. The bat barely misses you.
The bat hits you but does no damage.
You barely miss the bat. The bat misses you.
The bat hits you but does no damage. The bat barely misses you.
The bat completely misses you.
You hit the bat but do no damage. The bat completely misses you.
The bat closely misses you.
You slash the bat!
You kill the bat!
Lugonu accepts your kill.
You see here a bat corpse.
Are you sure you want to abandon this character and quit the game? (Confirm with "yes".)

#####
#########...#
#...........#
...######...#
##.## #@.# ##.#
##. #.# #... #.#
#...# #.# #...#
#.# #####...###
#.#####..........
#.#..............
#....##..........


There were no monsters in sight!

Vanquished Creatures
  A dart slug (D:2)
  2 ball pythons (D:1)
  2 endoplasms
  A hobgoblin (D:2)
  4 jackals (D:1)
  2 kobolds (D:1)
  A quokka (D:1)
  3 bats
  2 rats (D:1)
18 creatures vanquished.

Notes
Turn   | Place    | Note
-------+----------+-------------------------------------------
     0 | Abyss:1  | Itachiuchiha the Hill Orc Abyssal Knight began the quest
                  | for the Orb.
     0 | Abyss:1  | Reached XP level 1. HP: 19/19 MP: 2/2
     1 | D:1      | Escaped the Abyss
    39 | D:1      | Reached skill level 1 in Dodging
    39 | D:1      | Reached XP level 2. HP: 19/27 MP: 3/3
   219 | D:1      | Found Xapyafa's General Store.
   663 | D:2      | Reached *** piety under Lugonu
   767 | D:2      | Quit the game

Illustrated notes

Levels and vault maps discovered:
D:1:      nzn_arrival_crosshair, layout_loops_ring, serial_shops, shop,
          shapermc_ecumenical_altar_mp_ritualfount
D:2:      layout_loops_cross

Skill      XL: |  1  2 |
---------------+-------+-----
Dodging        | 1 |  1.1
Axes           | 3 |  3.1
Fighting       | |  3.9
Armour         | |  2.5
Invocations    | |  2.9

Action                   || total
-------------------------++-------
Melee: Hand axe          ||    76
       Punch             ||     1
  Use: Scroll            ||     1
Armor: Leather armour    ||    45
Dodge: Dodged            ||    71
